 Dungeon Crawl Stone Soup version 0.23-a0-489-g205b0b6 (webtiles) character file.

1586 Amnesiac the Jinx (level 8, -7/36 HPs)
             Began as a Spriggan Enchanter on Dec 2, 2018.
             Killed from afar by an orc wizard (10 damage)
             ... with a puff of flame
             ... on level 7 of the Dungeon.
             The game lasted 00:10:41 (3989 turns).

Amnesiac the Jinx (Spriggan Enchanter)              Turns: 3989, Time: 00:10:42

Health: -7/36      AC:  3    Str:  4    XL:     8   Next: 61%
Magic:  9/18       EV: 22    Int: 18    God:
Gold:   294        SH:  0    Dex: 17    Spells: 8/19 levels left

rFire    . . .     SeeInvis +   a - +2 dagger (freeze)
rCold    . . .     Gourm    .   (shield restricted)
rNeg     . . .     Faith    .   b - +1 robe
rPois    +         Spirit   .   (helmet restricted)
rElec    .         Reflect  .   (no cloak)
rCorr    .         Harm     .   (gloves unavailable)
MR       +....                  (boots unavailable)
Stlth    ++++......             (no amulet)
HPRegen  0.12/turn              p - ring of poison resistance
MPRegen  0.16/turn              (no ring)

@: very quick
A: very small, unfitting armour, see invisible, herbivore, speed 3, slow
metabolism 2
a: no special abilities


You were on level 7 of the Dungeon.
You were very full.

You visited 1 branch of the dungeon, and saw 7 of its levels.

You collected 294 gold pieces.

Inventory:

Hand Weapons
 a - a +2 dagger of freezing (weapon)
Missiles
 i - 15 poisoned needles
Armour
 b - a +1 robe (worn)
Jewellery
 p - a ring of poison resistance (left hand)
Scrolls
 c - a scroll of teleportation {!r}
 n - a scroll of amnesia {!r}
 q - a scroll of enchant armour {!r}
 s - 2 scrolls of remove curse {!r}
 t - a scroll of holy word {!r}
 v - a scroll of vulnerability {!r, unknown}
Potions
 e - a potion of haste {!q, unknown}
 f - a potion of agility {!q, unknown}
 g - a potion of cancellation {!q, unknown}
 h - a potion of resistance {!q}
 j - a potion of heal wounds {!q}
 k - a potion of berserk rage {!q}
 l - a potion of might {!q}
 m - a potion of invisibility {!q}
 o - a potion of flight {!q}
 r - a potion of brilliance {!q}
 u - a potion of curing {!q, unknown}
 w - a potion of mutation {!q, unknown}
Comestibles
 d - a ration


   Skills:
 - Level 4.0 Short Blades
 + Level 6.8 Dodging
 - Level 8.3 Stealth
 + Level 6.2 Spellcasting
 * Level 8.7 Hexes


You had 8 spell levels left.
You knew the following spells:

 Your Spells              Type           Power        Failure   Level  Hunger
a - Ensorcelled Hibernat  Hex/Ice        ###...       3%          2    None
d - Dazzling Spray        Conj/Hex       ###...       6%          3    ##.....
e - Confuse               Hex            #####...     1%          3    ##.....
w - Tukima's Dance        Hex            #####...     1%          3    ##.....

Your spell library contained the following spells:

 Spells                   Type           Power        Failure   Level  Hunger
 Corona                   Hex            #####..      1%          1    None


Dungeon Overview and Level Annotations

Branches:
Dungeon (7/15)
 Temple: D:4-7

Altars:

Shops:
D:6 %


Innate Abilities, Weirdness & Mutations

You are very small and have problems with some larger weapons.
You are too small for most types of armour.
You have supernaturally acute eyesight. (SInv)
You are a herbivore.
You cover ground extremely quickly.
You need to consume almost no food.


Message History

The helpless orc fails to defend itself.
You spit the orc like a pig!!! You freeze the orc.
You kill the orc!
The orc shouts!
The orc priest looks encouraged for a moment.
The orc wizard looks braver for a moment.
Things that are here:
a +0 dagger; a +0 chain mail
Casting: Ensorcelled Hibernation (safe; 3% risk of failure)
Confirm with . or Enter, or press ? or * to list all spells.
Aiming: Ensorcelled Hibernation (safe; 3% risk of failure)
Press: ? - help, Shift-Dir - straight line, f - orc priest
Aim: an orc priest, wielding a +0 hand axe (chance to defeat MR: 50%)
The orc priest looks drowsy...
The orc priest shouts!
The orc priest mumbles some strange prayers to Beogh against you.
Beogh smites you!
The helpless orc priest fails to defend itself.
You perforate the orc priest like a sieve!!!
You freeze the orc priest.
You kill the orc priest!
The orc completely misses you.
The orc wizard hits you but does no damage.
Things that are here:
a +0 hand axe; an orc corpse The orc hits you with a +0 mace!
* * * LOW HITPOINT WARNING * * *
The orc wizard gestures at you while chanting.
The magic dart hits you!
* * * LOW HITPOINT WARNING * * *
Casting: Ensorcelled Hibernation (safe; 3% risk of failure)
Confirm with . or Enter, or press ? or * to list all spells.
Aiming: Ensorcelled Hibernation (safe; 3% risk of failure)
Press: ? - help, Shift-Dir - straight line, f - orc priest
Aim: an orc priest (chance to defeat MR: 50%)
The orc priest looks drowsy...
The orc wizard miscasts a cantrip.
The helpless orc priest fails to defend itself.
You perforate the orc priest like a sieve!!!
You freeze the orc priest.
You kill the orc priest!
The orc completely misses you.
Casting: Ensorcelled Hibernation (safe; 3% risk of failure)
Confirm with . or Enter, or press ? or * to list all spells.
Aiming: Ensorcelled Hibernation (safe; 3% risk of failure)
Press: ? - help, Shift-Dir - straight line, f - orc
Aim: an orc, wielding a +0 mace (chance to defeat MR: 68%)
The orc struggles to resist.
The orc wizard hits you but does no damage.
The orc hits you but does no damage.
Casting: Ensorcelled Hibernation (safe; 3% risk of failure)
Confirm with . or Enter, or press ? or * to list all spells.
Aiming: Ensorcelled Hibernation (safe; 3% risk of failure)
Press: ? - help, Shift-Dir - straight line, f/p - orc
Aim: an orc, wielding a +0 mace (chance to defeat MR: 68%)
The orc looks drowsy...
The orc wizard hits you with a +0 dagger.
* * * LOW HITPOINT WARNING * * *
The helpless orc fails to defend itself.
You perforate the orc like a sieve!!! You freeze the orc.
You kill the orc!
The orc wizard gestures at you while chanting.
The puff of flame hits you!
You die...

#........## #....#
##....# ##..##... #.
#....###.....## .# #..
#. #.....#........
..#.. ##..............
.....#
##...............
#....##................
#......).............
#....)...............
#...@)...............
#....o.......#...###.
#......####..####..###
#.....## #.## ##....#
......## #..# #......
##..... #. ##......
###..# #. #....##. #..
##.####...###.
#....#...##


You could see an orc wizard.

Vanquished Creatures
  A sky beast (D:7)
  An orc warrior (D:6)
  3 ogres
  3 centaurs
  4 bullfrogs
  A scorpion (D:6)
  A crimson imp (D:5)
  4 hounds
  2 orc priests (D:7)
  2 jellies
  3 orc wizards (D:6)
  A bullfrog skeleton (D:6)
  An iguana (D:4)
  3 worker ants
  4 adders
  A howler monkey skeleton (D:6)
  3 shadow imps
  An adder zombie (D:5)
  An adder skeleton (D:5)
  A dart slug (D:2)
  2 leopard geckos
  16 orcs
  4 giant cockroaches
  A goblin (D:1)
  A hobgoblin (D:2)
  7 jackals
  2 kobolds
  3 quokkas
  A bat (D:1)
  2 frilled lizards
  A leopard gecko skeleton (D:5)
  2 rats (D:1)
83 creatures vanquished.

Notes
Turn   | Place    | Note
-------+----------+-------------------------------------------
     0 | D:1      | Amnesiac the Spriggan Enchanter began the quest for the
                  | Orb.
     0 | D:1      | Reached XP level 1. HP: 9/9 MP: 5/5
   673 | D:2      | Reached skill level 5 in Stealth
   673 | D:2      | Reached XP level 2. HP: 13/13 MP: 6/6
   677 | D:2      | Learned a level 2 spell: Ensorcelled Hibernation
   728 | D:2      | Noticed a howler monkey
   827 | D:4      | Reached XP level 3. HP: 14/16 MP: 4/8
   832 | D:4      | Learned a level 3 spell: Confuse
   896 | D:4      | Noticed an ogre
   900 | D:4      | Killed an ogre
   900 | D:4      | Reached XP level 4. HP: 21/21 MP: 9/9
   989 | D:5      | Entered Level 5 of the Dungeon
  1095 | D:4      | Reached XP level 5. HP: 5/24 MP: 0/10
  1253 | D:4      | Noticed an ogre
  1345 | D:4      | Killed an ogre
  1371 | D:4      | Reached XP level 6. HP: 28/28 MP: 8/11
  2769 | D:6      | Reached skill level 5 in Hexes
  2919 | D:6      | Reached XP level 7. HP: 31/32 MP: 8/14
  2930 | D:6      | Found Ynaimab's Food Emporium.
  3180 | D:6      | Reached skill level 5 in Dodging
  3212 | D:6      | Reached skill level 5 in Spellcasting
  3396 | D:6      | Reached XP level 8. HP: 36/36 MP: 6/16
  3419 | D:6      | Learned a level 3 spell: Tukima's Dance
  3423 | D:6      | Learned a level 3 spell: Dazzling Spray
  3989 | D:7      | Killed from afar by an orc wizard

Vault maps used:
D:1:      dpeg_arrival_concentric_ovals
D:2:      first_ration
D:3:      uniq_grinder
D:6:      serial_shops, nicolae_shop_statue_plus, kennysheep_nondescript
D:7:      minmay_temple_entry_offerings, uniq_joseph

Skill      XL: |  1  2  3  4  5  6  7  8 |
---------------+-------------------------+-----
Stealth        | 5 6 7 8 |  8.3
Spellcasting   | 3 4 5 6 |  6.2
Short Blades   | 2 3 4 |  4.0
Hexes          | 4 5 7 8 |  8.7
Dodging        | 5 6 |  6.8

Action                   |  1- 3 |  4- 6 |  7- 9 || total
-------------------------+-------+-------+-------++-------
Melee: Dagger            |    29 |    62 |    96 ||   187
 Cast: Corona            |     5 |       |       ||     5
       Ensorcelled Hiber |     3 |    24 |    25 ||    52
       Confuse           |       |     4 |     8 ||    12
  Use: Scroll            |     5 |       |     7 ||    12
       Potion            |       |       |     4 ||     4
 Stab: Sleeping          |     9 |    23 |    22 ||    54
       Confused          |       |     3 |     6 ||     9
       Distracted        |       |     1 |     1 ||     2
       Invisible         |       |       |     6 ||     6
  Eat: Ration            |       |     5 |       ||     5
Armor: Robe              |     1 |     9 |     5 ||    15
       Skin              |       |       |    30 ||    30
Dodge: Dodged            |    21 |    48 |   120 ||   189

Table legend:
 A = Non-vault XP
 B = Vault XP
 C = Vault XP percentage of total XP
 D = Non-vault monster count
 E = Vault monster count
 F = Vault count percentage of total count
                 A         B        C        D         E       F
            +---------+---------+-------+---------+---------+-------
      Total |    2266 |       0 |   0.0 |      83 |       0 |   0.0
            +---------+---------+-------+---------+---------+-------
        D:1 |       8 |       0 |   0.0 |       6 |       0 |   0.0
        D:2 |       8 |       0 |   0.0 |       3 |       0 |   0.0
        D:3 |       4 |       0 |   0.0 |       2 |       0 |   0.0
        D:4 |     421 |       0 |   0.0 |       9 |       0 |   0.0
        D:5 |      86 |       0 |   0.0 |      10 |       0 |   0.0
        D:6 |    1071 |       0 |   0.0 |      39 |       0 |   0.0
        D:7 |     668 |       0 |   0.0 |      14 |       0 |   0.0
            +---------+---------+-------+---------+---------+-------
